 Dungeon Crawl Stone Soup version 0.31-a0-795-g5eb97db20b (webtiles) character file.

Game seed: 12590373752725001392

14264 pokeman the Eclecticist (level 11, -25/61 HPs)
             Began as a Deep Elf Hedge Wizard on Sept 18, 2023.
             Was a Priest of Vehumet.
             Annihilated by a boulder beetle (40 damage)
             ... on level 11 of the Dungeon on Sept 19, 2023.
             The game lasted 00:45:22 (15504 turns).

pokeman the Eclecticist (Deep Elf Hedge Wizard)    Turns: 15504, Time: 00:45:23

Health: -25/61     AC:  9    Str:  7    XL:     11   Next: 86%
Magic:  14/33      EV: 13    Int: 24    God:    Vehumet [***...]
Gold:   339        SH:  5    Dex: 14    Spells: 9/42 levels left

rFire   + . .        k - +0 spear (venom)
rCold   . . .        (no shield)
rNeg    . . .        I - +0 steam dragon scales
rPois   .            c - +0 hat
rElec   .            s - +1 cloak
rCorr   .            y - +0 pair of gloves
SInv    .            (no boots)
Will    +....        O - amulet of reflection
Stlth   +++          p - ring of protection from fire
HPRegen 0.30/turn    J - ring of wizardry
MPRegen 0.23/turn

%: reflection, wizardry (x1)
@: no status effects
A: no striking features
a: Renounce Religion


You were on level 11 of the Dungeon.
You worshipped Vehumet.
Vehumet was most pleased with you.
You visited 2 branches of the dungeon, and saw 12 of its levels.
You also visited: Bailey.

You collected 631 gold pieces.
You spent 292 gold pieces at shops.

Inventory:

Hand Weapons
 k - a +0 spear of venom (weapon)
 r - a +3 quarterstaff of chaos
 C - a +1 whip of electrocution
Missiles
 u - 2 curare-tipped darts
 X - a throwing net
Armour
 a - a +1 buckler of reflection
 c - a +0 hat (worn)
 s - a +1 cloak (worn)
 x - a +1 leather armour of cold resistance
 y - a +0 pair of gloves (worn)
 I - +0 steam dragon scales (worn)
 K - a scarf of shadows
Magical Staves
 o - a staff of conjuration
Jewellery
 m - an amulet of the acrobat
 p - a ring of protection from fire (left hand)
 q - a ring of positive energy
 E - a ring of protection from cold
 J - a ring of wizardry (right hand)
 N - a ring of see invisible
 O - an amulet of reflection (around neck)
Wands
 b - a wand of roots (22)
 D - a wand of digging (5)
 G - a wand of mindburst (15)
Scrolls
 g - a scroll of noise
 h - 5 scrolls of teleportation
 i - a scroll of summoning
 l - a scroll of revelation
 t - 5 scrolls of amnesia
 v - a scroll of poison
 w - 2 scrolls of fog
 A - a scroll of blinking
 B - a scroll of torment
 P - a scroll of fear
 R - a scroll of vulnerability {unknown}
 W - 2 scrolls of enchant weapon {unknown}
Potions
 d - 3 potions of magic
 e - 7 potions of heal wounds
 f - 3 potions of curing
 j - a potion of berserk rage
 n - 4 potions of ambrosia
 z - 6 potions of haste
 F - a potion of mutation
 H - a potion of attraction
 L - 2 potions of enlightenment
 M - a potion of lignification {unknown}
 Q - a potion of experience {unknown}
 S - 2 potions of resistance {unknown}
 T - 2 potions of invisibility {unknown}
 U - a potion of brilliance {unknown}
 V - a potion of cancellation {unknown}
 Y - a potion of degeneration {unknown}


   Skills:
 - Level 4.0 Fighting
 - Level 4.0 Armour
 - Level 4.0 Dodging
 - Level 4.0 Stealth
 + Level 3.1 Shields
 * Level 16.1 Spellcasting
 + Level 9.5 Conjurations
 - Level 1.1 Summonings
 - Level 1.1 Translocations
 - Level 1.0 Transmutations
 + Level 8.6 Fire Magic
 - Level 1.2 Ice Magic
 - Level 1.1 Air Magic
 - Level 1.3 Poison Magic
 - Level 1.0 Evocations


You had 9 spell levels left.
You knew the following spells:

 Your Spells              Type           Power      Damage    Failure   Level
a - Magic Dart            Conj           100%       1d8       1%          1
b - Mephitic Cloud        Conj/Pois/Air  38%        N/A       1%          3
c - Call Imp              Summ           48%        N/A       1%          2
d - Blink                 Tloc           48%        N/A       1%          2
e - Iskenderun's Battles  Conj           60%        2d11      1%          5
f - Fireball              Conj/Fire      29%        3d13      1%          5
g - Freezing Cloud        Conj/Ice/Air   19%        6-21      1%          5
h - Ignite Poison         Fire/Tmut/Pois 36%        N/A       1%          3
i - Orb of Destruction    Conj           30%        9d10      5%          7

Your spell library contained the following spells:

 Spells                   Type           Power      Damage    Failure   Level
 Stone Arrow              Conj/Erth      84%        3d12      1%          3
 Freeze                   Ice            100%       1d10      1%          1
 Sandblast                Erth           38%        2d10      1%          1
 Shock                    Conj/Air       100%       1d9       1%          1
 Slow                     Hex            76%        N/A       1%          1
 Cigotuvi's Dreadful Rot  Necr/Pois/Air  46%        N/A       1%          2
 Scorch                   Fire           100%       2d9       1%          2
 Ozocubu's Armour         Ice            25%        N/A       1%          3
 Brom's Barrelling Bould  Conj/Erth      42%        2d6       1%          4
 Flame Wave               Conj/Fire      58%        2d14      1%          4
 Conjure Ball Lightning   Conj/Air       22%        3x3d6     5%          6
 Metabolic Englaciation   Hex/Ice        11%        N/A       24%         5
 Summon Cactus Giant      Summ           12%        N/A       69%         6
 Simulacrum               Ice/Necr       11%        N/A       75%         6


Dungeon Overview and Level Annotations

Branches:
Dungeon (11/15)            Temple (1/1) D:6             Orc (0/2) D:11
 Bailey (visited)
   Lair: D:8-11

Altars:
Ashenzari
Cheibriados
Dithmenos
Elyvilon
Fedhas
Gozag
Hepliaklqana
Kikubaaqudgha
Makhleb
Nemelex Xobeh
Okawaru
Qazlal
Ru
Sif Muna
Trog
Uskayaw
Vehumet
Wu Jian
Xom
Yredelemnul
Zin
The Shining One

Shops:
D:6 ?

Annotations:
D:11 Gastronok


Message History

Aim: a boulder beetle (rolling, confused, ally target)
Your battlesphere fires!
The barrage of energy hits the boulder beetle.
The boulder beetle is lightly wounded.
Unknown command.
Unknown command.
Casting: Freezing Cloud (dangerous; 1% risk of failure)
Confirm with . or Enter, or press ? or * to list all spells.
Aiming: Fireball (dangerous; 1% risk of failure)
Press: ? - help, Shift-Dir - straight line, p - boulder beetle The fireball explodes!
The fireball engulfs the boulder beetle.
The boulder beetle is lightly wounded.
You hear a sizzling sound!
Your battlesphere fires!
The barrage of energy hits the boulder beetle but does no damage.
The boulder beetle is lightly wounded.
Unknown command.
The boulder beetle hits you!!!
Ouch! That really hurt!
* * * LOW HITPOINT WARNING * * *
The boulder beetle stops rolling and uncurls.
Unknown command.
The boulder beetle seems less confused.
The boulder beetle curls into a ball and begins rolling!
Casting: Fireball (dangerous; 1% risk of failure)
Confirm with . or Enter, or press ? or * to list all spells.
Aiming: Mephitic Cloud (safe; 1% risk of failure)
Press: ? - help, Shift-Dir - straight line, f - boulder beetle
Aim: a boulder beetle (lightly wounded, rolling, ally target, chance to affect: 43%)
The ball explodes into a vile cloud!
The stinking cloud engulfs the boulder beetle but does no damage.
The boulder beetle is lightly wounded.
Your battlesphere fires!
The barrage of energy hits the boulder beetle but does no damage.
The boulder beetle is lightly wounded.
The boulder beetle is engulfed in noxious fumes. x2
The boulder beetle hits you!!!
Ouch! That really hurt!
You die...

............#..........'....
............#..........#...
....).##..# #..####...## .#
......##..###..####<..###.#
..B........'......[........
...........#......)........
..........##.....#####+##..
..........##○.☼..##....## .
............§§☼.@........
......######§§§.B........
......##..##.§☼☼§########
.........<##...§☼#
..........##.....#
...........#.)*...
...........#...!...
...........#........
#####################


You could see a boulder beetle (rolling, ally target) and a friendly
battlesphere.

Vanquished Creatures
  Josephine (D:10)
  Erolcha (D:10)
  5 two-headed ogres
  An orc knight (Bailey)
  Pikel (D:6)
  2 cyclopes (D:11)
  A gargoyle (D:11)
  Psyche (D:10)
  A troll (D:9)
  2 hornets
  Grinder (D:3)
  Sigmund (D:4)
  6 wraiths
  2 vampires
  A yak (D:11)
  4 steam dragons
  Eustachio (D:6)
  A water moccasin (D:6)
  3 black bears
  3 orc warriors
  A sky beast (D:7)
  5 ice beasts
  4 ogres
  2 centaurs
  4 kobold brigands
  A phantom (D:5)
  6 bullfrogs
  A gnoll sergeant (D:9)
  5 scorpions
  4 wights (D:8)
  13 killer bees
  A howler monkey (D:5)
  4 hounds
  Crazy Yiuf (D:3)
  8 orc priests
  6 iguanas
  4 sleepcaps
  Ijyb (D:5)
  8 orc wizards
  24 gnolls
  5 adders
  A white imp (D:7)
  2 ufetubi
  3 worms
  3 dart slugs
  45 orcs
  5 ball pythons
  5 endoplasms
  A giant cockroach (D:4)
  10 goblins
  11 hobgoblins
  12 jackals
  55 kobolds
  2 quokkas (D:5)
  3 bats
  3 frilled lizards
  5 rats
  A spectral kobold (D:2)
314 creatures vanquished.

Notes
Turn   | Place    | Note
-------+----------+-------------------------------------------
     0 | D:1      | pokeman the Deep Elf Hedge Wizard began the quest for the
                  | Orb.
     0 | D:1      | Reached XP level 1. HP: 10/10 MP: 7/7
   353 | D:1      | Reached XP level 2. HP: 16/16 MP: 3/9
  1088 | D:2      | Reached skill level 5 in Spellcasting
  1106 | D:2      | Reached XP level 3. HP: 20/20 MP: 2/11
  1110 | D:2      | Learned a level 3 spell: Mephitic Cloud
  1113 | D:2      | Learned a level 2 spell: Call Imp
  1116 | D:2      | Learned a level 2 spell: Blink
  1209 | D:2      | Learned a level 3 spell: Ignite Poison
  1326 | D:2      | Found an iron altar of Okawaru.
  1491 | D:2      | Reached skill level 1 in Armour
  1556 | D:2      | Found a faded altar of an unknown god.
  1846 | D:2      | Reached skill level 1 in Fighting
  2133 | D:3      | Noticed Grinder
  2160 | D:3      | Found a runed translucent door.
  2161 | D:3      | Noticed Crazy Yiuf
  2286 | D:3      | Reached XP level 4. HP: 25/25 MP: 6/13
  2763 | D:3      | Killed Grinder
  2764 | D:3      | Reached skill level 6 in Spellcasting
  2764 | D:3      | Reached XP level 5. HP: 28/29 MP: 8/16
  2764 | D:3      | Reached XP level 6. HP: 32/34 MP: 8/17
  3189 | D:3      | Found a shimmering blue altar of Sif Muna.
  3297 | D:3      | Killed Crazy Yiuf
  3593 | D:4      | Learned a level 5 spell: Fireball
  3704 | D:4      | Reached skill level 7 in Spellcasting
  3948 | D:4      | Found a sparkling altar of Nemelex Xobeh.
  4417 | D:4      | Reached XP level 7. HP: 38/38 MP: 6/20
  4419 | D:4      | Reached skill level 1 in Evocations
  4447 | D:4      | Reached skill level 1 in Transmutations
  4447 | D:4      | Reached skill level 1 in Fire Magic
  4471 | D:4      | Reached skill level 1 in Poison Magic
  4550 | D:4      | Reached skill level 1 in Air Magic
  4557 | D:4      | Learned a level 5 spell: Freezing Cloud
  4666 | D:4      | Reached skill level 8 in Spellcasting
  4772 | D:4      | Noticed Sigmund
  4786 | D:4      | Killed Sigmund
  4787 | D:4      | Reached skill level 1 in Ice Magic
  5050 | D:4      | Reached XP level 8. HP: 44/44 MP: 13/22
  5706 | D:5      | Entered Level 5 of the Dungeon
  5738 | D:5      | Reached skill level 9 in Spellcasting
  5918 | D:5      | Found an ornate altar of the Wu Jian Council.
  6191 | D:5      | Noticed Ijyb
  6192 | D:5      | Reached skill level 5 in Conjurations
  6251 | D:5      | Killed Ijyb
  6479 | D:5      | Reached skill level 10 in Spellcasting
  7000 | D:6      | Found Neqianehu's Magic Scroll Emporium.
  7055 | D:6      | Reached XP level 9. HP: 41/48 MP: 15/25
  7256 | D:6      | Bought 2 scrolls of identify for 60 gold pieces
  7256 | D:6      | Bought a scroll of identify for 30 gold pieces
  7256 | D:6      | Bought a scroll of identify for 30 gold pieces
  7256 | D:6      | Bought a scroll of identify for 30 gold pieces
  7256 | D:6      | Bought a scroll of blinking for 112 gold pieces
  7256 | D:6      | Bought a scroll of identify for 30 gold pieces
  7297 | D:6      | Noticed Pikel
  7437 | D:6      | Reached skill level 11 in Spellcasting
  7538 | D:6      | Killed Pikel
  7590 | D:6      | Noticed Eustachio
  7597 | D:6      | Killed Eustachio
  7598 | D:6      | Reached skill level 5 in Fire Magic
  7807 | D:6      | Reached skill level 12 in Spellcasting
  7997 | D:6      | Found a staircase to the Ecumenical Temple.
  8005 | Temple   | Entered the Ecumenical Temple
  8048 | Temple   | Became a worshipper of Vehumet
  8442 | D:3      | Got Sif Muna's Codex of Geomancy
  8444 | D:3      | Got Sif Muna's Directory of Exhalation
  8447 | D:3      | Got Sif Muna's Encyclopedia of Ice
  8735 | D:7      | Reached XP level 10. HP: 56/56 MP: 19/28
  9115 | D:7      | Paralysed by a hornet for 1 turns
  9342 | D:7      | Learned a level 5 spell: Iskenderun's Battlesphere
 10056 | D:8      | Learned a level 7 spell: Orb of Destruction
 10064 | D:8      | Reached skill level 13 in Spellcasting
 10281 | D:8      | Found a white marble altar of Elyvilon.
 10363 | D:8      | Reached * piety under Vehumet
 10363 | D:8      | Offered knowledge of Foxfire by Vehumet.
 10496 | D:8      | Found a bloodstained altar of Trog.
 10496 | D:8      | Found an opulent altar of Gozag.
 10503 | D:8      | Found a glowing silver altar of Zin.
 10504 | D:8      | Found a stormy altar of Qazlal.
 10998 | D:9      | Found a broken altar of Ashenzari.
 11011 | D:9      | You fall into a shaft and drop 2 floors!
 11011 | D:11     | Found a staircase to the Orcish Mines.
 11024 | D:11     | Noticed a gargoyle
 11034 | D:11     | Noticed a cyclops
 11037 | D:11     | Killed a gargoyle
 11094 | D:11     | Noticed a two-headed ogre
 11122 | D:11     | Killed a cyclops
 11300 | D:11     | Killed a two-headed ogre
 11301 | D:11     | Reached skill level 14 in Spellcasting
 11420 | D:10     | Entered Level 10 of the Dungeon
 11431 | D:10     | Noticed a two-headed ogre
 11444 | D:10     | Noticed Psyche
 11479 | D:10     | Found a flagged portal.
 11488 | Bailey   | Entered a bailey
 11666 | Bailey   | Noticed an orc knight
 11750 | Bailey   | Killed an orc knight
 11757 | Bailey   | Offered knowledge of Searing Ray by Vehumet.
 11841 | Bailey   | Reached ** piety under Vehumet
 11942 | Bailey   | Acquired a +1 buckler of reflection
 11992 | D:9      | Reached XP level 11. HP: 61/61 MP: 20/31
 12752 | D:9      | Found a glowing golden altar of the Shining One.
 12879 | D:10     | Killed a two-headed ogre
 12880 | D:10     | Reached skill level 1 in Shields
 12952 | D:10     | Noticed Erolcha
 12958 | D:10     | Killed Erolcha
 13065 | D:10     | Killed Psyche
 13066 | D:10     | Reached skill level 15 in Spellcasting
 13161 | D:10     | Noticed Josephine
 13174 | D:10     | Killed Josephine
 13839 | D:10     | Noticed a two-headed ogre
 13841 | D:10     | Killed a two-headed ogre
 13841 | D:10     | Offered knowledge of Stone Arrow by Vehumet.
 13877 | D:10     | Noticed a two-headed ogre
 13881 | D:10     | Killed a two-headed ogre
 14710 | D:11     | Noticed Gastronok
 14888 | D:11     | Noticed a boulder beetle
 14904 | D:11     | Reached *** piety under Vehumet
 15336 | D:11     | Reached skill level 16 in Spellcasting
 15380 | D:11     | Noticed a two-headed ogre
 15385 | D:11     | Killed a two-headed ogre
 15504 | D:11     | Annihilated by a boulder beetle

Illustrated notes

Levels and vault maps discovered:
D:1:      co_arrival_random_square_maze, layout_basic
D:2:      layout_rooms, dreamdust_ecumenical_altar_drowned_temple, basic_altar
D:3:      layout_basic, nicolae_sif_muna_little_library, uniq_grinder,
          uniq_crazy_yiuf_cottage
D:4:      minmay_goblin_kobold_castle, layout_loops_ring,
          nemelex_spade_bored_becter, uniq_sigmund
D:5:      layout_cave_pools, overflow_temple_1_default, uniq_ijyb
D:6:      layout_cave_pools, minmay_temple_entry_glassed_door, serial_shops,
          nicolae_shop_advertising_works [nicolae_subvault_shop_adworks],
          uniq_pikel, uniq_eustachio
D:7:      layout_basic
D:8:      layout_basic, lemuel_doored_altar, minitemple
D:9:      layout_big_octagon, tso_altar, nicolae_ashenzari_skybound,
          eino_tiny_chamber
D:10:     layout_layer_cave, enter_bailey_8, grunt_ogre_cave,
          chequers_serial_rivers_large_a, uniq_psyche, uniq_josephine,
          uniq_erolcha
D:11:     layout_gridville, grunt_lair_entry_orc_guard_hut, orc_0_dummy,
          grunt_tough_drop, uniq_gastronok
Temple:   minmay_temple_forest_path

Skill      XL: |  1  2  3  4  5  6  7  8  9 10 11 |
---------------+----------------------------------+-----
Spellcasting   | 5 6 7 8 10 12 14 16 | 16.1
Armour         | 1 2 3 4 |  4.0
Fighting       | 1 2 3 4 |  4.0
Conjurations   | 2 3 4 5 6 8 9 |  9.5
Dodging        | 3 4 |  4.0
Stealth        | 3 4 |  4.0
Evocations     | 1 |  1.0
Transmutations | 1 |  1.0
Fire Magic     | 2 3 5 7 8 |  8.6
Poison Magic   | 1 |  1.3
Air Magic      | 1 |  1.1
Ice Magic      | 1 |  1.2
Shields        | 3 |  3.1
Summonings     | |  1.1
Translocations | |  1.1

Action                     |  1- 3 |  4- 6 |  7- 9 | 10-12 || total
---------------------------+-------+-------+-------+-------++-------
  Melee: War axe           |     3 |       |       |       ||     3
         Punch             |     1 |     1 |     1 |     1 ||     4
         Dagger            |     1 |    15 |    80 |       ||    96
         Spear             |       |       |    22 |   101 ||   123
         Whip              |       |       |    22 |       ||    22
   Cast: Magic Dart        |   113 |    90 |   164 |    26 ||   393
         Mephitic Cloud    |       |    10 |    57 |    31 ||    98
         Ignite Poison     |       |     3 |    28 |     7 ||    38
         Blink             |       |     1 |     6 |     1 ||     8
         Fireball          |       |       |     5 |   110 ||   115
         Iskenderun's Batt |       |       |       |     3 ||     3
         Freezing Cloud    |       |       |       |     2 ||     2
         Call Imp          |       |       |       |     1 ||     1
  Evoke: Wand              |       |       |     1 |     2 ||     3
    Use: Scroll            |       |       |       |    20 ||    20
   Stab: Sleeping          |     2 |       |       |     4 ||     6
         Confused          |       |     2 |    14 |     5 ||    21
 Armour: Robe              |    11 |     6 |    25 |       ||    42
         Leather armour    |       |       |    58 |    13 ||    71
         Steam dragon scal |       |       |       |    49 ||    49
  Dodge: Dodged            |     9 |    14 |    99 |    56 ||   178
  Block: Other             |       |       |       |    16 ||    16

Table legend: (Time is in decaauts)
 A = Elapsed time spent in this place.
 B = Non-inter-level travel time spent in this place.
 C = Inter-level travel time spent in this place.
 D = Time resting spent in this place.
 E = Time spent auto-exploring this place.
 F = Levels seen in this place.
 G = Mean time per level.
                   A        B        C        D        E       F      G
               +--------+--------+--------+--------+--------+-----+--------+
         Total |  15534 |  14611 |    923 |   1553 |  10798 |  13 | 1194.9 |
       Dungeon |  14973 |  14134 |    839 |   1547 |  10505 |  11 | 1361.2 |
        Temple |     86 |      2 |     84 |      0 |      0 |   1 |   86.0 |
        Bailey |    474 |    474 |      0 |      6 |    293 |   1 |  474.0 |
               +--------+--------+--------+--------+--------+-----+--------+

Top non-repeatable levels by time:
     D:4: 2474 daAuts
    D:10: 2237 daAuts
     D:3: 1735 daAuts
     D:7: 1428 daAuts
     D:5: 1259 daAuts
     D:9: 1089 daAuts
     D:1: 1082 daAuts
     D:8: 1072 daAuts
     D:6: 996 daAuts
     D:2: 882 daAuts
    D:11: 715 daAuts
  Bailey: 474 daAuts
  Temple: 86 daAuts
